 Dungeon Crawl Stone Soup version 0.28-a0-925-gd5e1996cdb (webtiles) character file.

Game seed: 3204697165647926299

113 Zonian the Poker (level 4, -1/34 HPs)
             Began as a Demonspawn Gladiator on Nov 26, 2021.
             Was a Believer of Fedhas.
             Succumbed to a kobold's poison
             ... on level 3 of the Dungeon.
             The game lasted 00:02:33 (2043 turns).

Zonian the Poker (Demonspawn Gladiator)             Turns: 2043, Time: 00:02:33

Health: -1/34      AC: 10    Str: 13 (15) XL:     4   Next: 65%
Magic:  4/4        EV: 12    Int:  7 (9)  God:    Fedhas [**....]
Gold:   128        SH:  0    Dex: 14 (15) Spells: 3/3 levels left

rFire   . . .      SeeInvis .   a - +0 trident
rCold   . . .      Faith    .   (no shield)
rNeg    . . .      Spirit   .   b - +0 leather armour
rPois   .          Reflect  .   c - +0 helmet
rElec   .          Harm     .   (no cloak)
rCorr   .          Rampage  .   (no gloves)
Will    .....                   (no boots)
Stlth   +.........              (no amulet)
HPRegen 0.11/turn               (no ring)
MPRegen 0.09/turn               (no ring)

@: lethally poisoned (-1 -> -7), sanguine armoured
A: sanguine armour 1, weakness stinger 1
a: Renounce Religion, Wall of Briars


You were on level 3 of the Dungeon.
You worshipped Fedhas.
Fedhas was pleased with you.
You visited 1 branch of the dungeon, and saw 3 of its levels.

You collected 128 gold pieces.

Inventory:

Hand Weapons
 a - a +0 trident (weapon)
Missiles
 d - 3 throwing nets (quivered)
 h - 5 boomerangs of dispersal
Armour
 b - a +0 leather armour (worn)
 c - a +0 helmet (worn)
Jewellery
 m - a ring of protection from cold
Scrolls
 e - 2 scrolls of identify {unknown}
 k - a scroll of magic mapping {unknown}
 l - a scroll of vulnerability {unknown}
Potions
 i - a potion of heal wounds {unknown}
 j - a potion of might {unknown}


   Skills:
 + Level 2.4 Fighting
 + Level 3.7 Polearms
 + Level 2.1 Throwing
 + Level 1.2 Armour
 + Level 3.2 Dodging
 + Level 0.5 Stealth
 * Level 0.9 Invocations


You had 3 spell levels left.
You didn't know any spells.
Your spell library contained the following spells:

 Spells                   Type           Power      Damage    Failure   Level
 Sandblast                Erth           0%         2d4       52%         1
 Passwall                 Tmut/Erth      0%         N/A       65%         2
 Stone Arrow              Conj/Erth      0%         3d7       87%         3


Dungeon Overview and Level Annotations

Branches:
Dungeon (3/15)

Altars:
Fedhas


Innate Abilities, Weirdness & Mutations

When seriously injured, your blood forms armour. (AC +6)
You have a small tail.


Message History

You are poisoned.
The adder poisons you!
The orc hits you from afar with a +0 trident!
The adder bites you but does no damage.
You hit the adder.
The adder is heavily wounded.
Your blood congeals into armour.
You feel sick. The adder bites you but does no damage.
The orc hits you but does no damage.
A frilled lizard comes into view.
You feel sick.
You feel sick. The adder barely misses you.
You puncture the adder!
You kill the adder!
Fedhas appreciates your contribution to the ecosystem.
You feel sick.
The orc hits you from afar with a +0 trident.
You are too injured to fight recklessly!
You are too injured to fight recklessly!
Unknown command.
You feel sick.
You are no longer poisoned.
The orc barely misses you.
The frilled lizard hisses angrily.
The orc priest calls down the wrath of Beogh upon you.
Beogh smites you!
* * * LOW HITPOINT WARNING * * *
You hear a shout!
The kobold throws a poisoned dart.
The poisoned dart hits you!
You are lethally poisoned!
* * * LOW HITPOINT WARNING * * *
You feel very sick.
It was a potion of degeneration.
There was something very wrong with that liquid.
You feel weakened.
You feel dopey.
You feel clumsy.
* * * LOW HITPOINT WARNING * * *
You feel sick. The orc barely misses you. The orc hits you but does no damage.
Unknown command.
It was a potion of magic.
Magic courses through your body.
You die...
Fedhas appreciates your contribution to the ecosystem.

###.#.#####..### ##.
........#....## ### #.
###.#...†....K# ##.. ###.
##..#........l########..######...
.................................
............oo.........)######...
...............o........#.####...
....[.##........o.....).........#
.........##†....@..........###.##
................>.......#####..#
.....##########.........# ###.##
........## ##.......>.# #)..#
.........## #..........###.###
..........# ##..............#
..........# #.......####..####
..........###.#####..........####
..........#...# #####..........


You could see an orc priest, 3 orcs, a kobold and a frilled lizard.

Vanquished Creatures
  5 adders
  A worm (D:3)
  3 dart slugs
  2 orcs (D:3)
  6 endoplasms
  2 giant cockroaches (D:1)
  5 goblins
  5 hobgoblins (D:1)
  4 jackals (D:2)
  4 kobolds
  3 quokkas
  4 bats
  5 frilled lizards
  4 rats
53 creatures vanquished.

Notes
Turn   | Place    | Note
-------+----------+-------------------------------------------
     0 | D:1      | Zonian the Demonspawn Gladiator began the quest for the
                  | Orb.
     0 | D:1      | Reached XP level 1. HP: 16/16 MP: 1/1
   248 | D:1      | Gained mutation: You have a small tail. [demonic ancestry]
   248 | D:1      | Reached XP level 2. HP: 22/22 MP: 2/2
   543 | D:1      | Found a faded altar of an unknown god.
   575 | D:1      | Prayed at the altar of an unknown god.
   575 | D:1      | Became a worshipper of Fedhas Madash
   575 | D:1      | Reached * piety under Fedhas
  1025 | D:2      | Gained mutation: When seriously injured, your blood forms
                  | armour. (AC +6) [demonic ancestry]
  1025 | D:2      | Reached XP level 3. HP: 21/27 MP: 3/3
  1291 | D:2      | Reached skill level 1 in Armour
  1675 | D:3      | Reached ** piety under Fedhas
  1686 | D:3      | Reached XP level 4. HP: 32/34 MP: 4/4
  2042 | D:3      | HP: 1/34 [poisoned by a kobold]
  2043 | D:3      | Succumbed to a kobold's poison

Illustrated notes

Levels and vault maps discovered:
D:1:      onia_arrival_mini_spirals, layout_loops_ring,
          hellmonk_ecumenical_altar_zigzags
D:2:      layout_basic, minmay_tromino_v4_b
D:3:      layout_rooms, grunt_ministairs_2

Skill      XL: |  1  2  3 |
---------------+----------+-----
Throwing       | 2 |  2.1
Polearms       | 3 |  3.7
Dodging        | 3 |  3.2
Armour         | 1 |  1.2
Fighting       | |  2.4
Stealth        | |  0.5
Invocations    | |  0.9

Action                   |  1- 3 |  4- 6 || total
-------------------------+-------+-------++-------
Melee: Trident           |   145 |    32 ||   177
       Tailslap          |     8 |     5 ||    13
  Use: Potion            |       |     2 ||     2
 Stab: Sleeping          |     1 |     2 ||     3
Armor: Leather armour    |    38 |    10 ||    48
Dodge: Dodged            |    89 |    10 ||    99

Table legend: (Time is in decaauts)
 A = Elapsed time spent in this place.
 B = Non-inter-level travel time spent in this place.
 C = Inter-level travel time spent in this place.
 D = Time resting spent in this place.
 E = Time spent auto-exploring this place.
 F = Levels seen in this place.
 G = Mean time per level.
                   A        B        C        D        E       F      G
               +--------+--------+--------+--------+--------+-----+--------+
         Total |   2067 |   2021 |     46 |      0 |   1639 |   3 |  689.0 |
       Dungeon |   2067 |   2021 |     46 |      0 |   1639 |   3 |  689.0 |
               +--------+--------+--------+--------+--------+-----+--------+

Top non-repeatable levels by time:
     D:1: 890 daAuts
     D:3: 593 daAuts
     D:2: 583 daAuts
